 Dungeon Crawl Stone Soup version 0.30.1-11-g7821555f0a (webtiles) character file.

Game seed: 11896925394305407689

320 Marvel the Slasher (level 6, -2/53 HPs)
             Began as a Minotaur Berserker on Dec 16, 2023.
             Was a Believer of Trog.
             Slain by a black bear (3 damage)
             ... on level 4 of the Dungeon.
             The game lasted 00:09:19 (3134 turns).

Marvel the Slasher (Minotaur Berserker)             Turns: 3134, Time: 00:09:20

Health: -2/53      AC:  2    Str: 24    XL:     6   Next: 22%
Magic:  5/5        EV: 11    Int:  4    God:    Trog [**....]
Gold:   130        SH:  7    Dex:  9    Spells: 5/5 levels left

rFire   . . .        a - +0 falchion
rCold   . . .        d - +0 kite shield
rNeg    . . .        b - +0 animal skin
rPois   .            (helmet restricted)
rElec   .            (no cloak)
rCorr   .            (no gloves)
SInv    +            (no boots)
Will    .....        (no amulet) Stlth
                     q - ring of see invisible
HPRegen 0.28/turn    (no ring)
MPRegen 0.09/turn

%: no passive effects
@: silenced, on berserk cooldown
A: horns 2, retaliatory headbutt
a: Renounce Religion


You were on level 4 of the Dungeon.
You worshipped Trog.
Trog was pleased with you.
You visited 1 branch of the dungeon, and saw 4 of its levels.

You collected 130 gold pieces.

Inventory:

Hand Weapons
 a - a +0 falchion (weapon)
Missiles
 o - 3 poisoned darts (quivered)
Armour
 b - a +0 animal skin (worn)
 d - a +0 kite shield (worn)
Jewellery
 q - a ring of see invisible (left hand)
Scrolls
 f - a scroll of noise {unknown}
 g - 3 scrolls of identify {unknown}
 h - a scroll of enchant weapon {unknown}
 i - a scroll of vulnerability {unknown}
 j - a scroll of amnesia {unknown}
 l - 2 scrolls of teleportation {unknown}
 n - a scroll of fog {unknown}
Potions
 e - 2 potions of curing
 k - a potion of magic
 m - a potion of heal wounds {unknown}


   Skills:
 + Level 4.6 Fighting
 + Level 6.3 Long Blades
 + Level 0.2 Throwing
 + Level 2.7 Armour
 + Level 3.9 Dodging
 + Level 0.4 Stealth
 + Level 1.8 Shields


You had 5 spell levels left.
You didn't know any spells.
Your spell library was empty.

Dungeon Overview and Level Annotations

Branches:
Dungeon (4/15)
 Temple: D:4-7

Altars:
Cheibriados
Sif Muna

Shops:
D:2 =   D:3 !


Innate Abilities, Weirdness & Mutations

You have a pair of horns on your head.
You reflexively headbutt those who attack you in melee.


Message History

The black bear bites you. The black bear barely misses you.
The black bear claws you. The black bear bites you.
You block the black bear's attack.
The black bear claws you but does no damage.
You barely miss the black bear.
The black bear is lightly wounded.
The black bear bites you but does no damage.
The black bear claws you but does no damage.
You block the black bear's attack. x2; The black bear closely misses you.
The black bear misses you. The black bear bites you! The black bear claws you.
The black bear misses you.
Things that are here:
a +0 whip; a +0 chain mail; an orc skeleton The black bear attacks as you move away!
The black bear bites you!
* * * LOW HITPOINT WARNING * * *
The black bear claws you.
* * * LOW HITPOINT WARNING * * *
The black bear claws you but does no damage.
You feel yourself speed up.
The black bear bites you but does no damage.
The black bear claws you.
* * * LOW HITPOINT WARNING * * *
You block the black bear's attack.
You're still recovering from your berserk rage.
It was a potion of berserk rage.
You're still recovering from your berserk rage.
The black bear closely misses you. The black bear claws you.
* * * LOW HITPOINT WARNING * * *
You block the black bear's attack.
It was a potion of magic.
Magic courses through your body. The black bear closely misses you.
You furiously retaliate!
You headbutt the black bear! You block the black bear's attack.
The black bear barely misses you.
As you read the scroll labelled VOLLILESAO, it crumbles to dust.
A profound silence engulfs you.
It was a scroll of silence.
The black bear bites you.
* * * LOW HITPOINT WARNING * * *
The black bear claws you.
You die...

# #.......# #.####..# #.#
#..#####.# #.# #........#
#.####.######## #####
###.......# #... .#######..#
##.## .# #.†########...## .#
#........@h....# ..
.########.########....##....
.#........# ##.#.<(.(..
.#.######.########.#(###..#
.#.# #.........###(....#
.#.# #)######## ...### .#.##
#)# .#.# .#..## #.# ...((
.#...####.# .# ###


You could see a black bear (unsilenced).

Vanquished Creatures
  A black bear (D:4)
  An iguana (D:4)
  Natasha (thrice) (D:2)
  4 gnolls (D:3)
  3 adders
  4 orcs
  3 ball pythons (D:1)
  5 endoplasms
  2 giant cockroaches (D:1)
  8 goblins
  4 hobgoblins
  4 jackals (D:1)
  5 quokkas
  8 bats
  2 frilled lizards
  8 kobolds
  3 rats
68 creatures vanquished.

Notes
Turn   | Place    | Note
-------+----------+-------------------------------------------
     0 | D:1      | Marvel the Minotaur Berserker began the quest for the Orb.
     0 | D:1      | Reached XP level 1. HP: 19/19 MP: 0/0
    98 | D:1      | Reached skill level 4 in Long Blades
   159 | D:1      | Reached XP level 2. HP: 27/27 MP: 1/1
   406 | D:1      | Reached ** piety under Trog
   546 | D:1      | Reached XP level 3. HP: 33/33 MP: 2/2
   753 | D:2      | Found Ytenguack's Jewellery Shop.
   823 | D:2      | Noticed Natasha
   833 | D:2      | Killed Natasha
   834 | D:2      | Reached XP level 4. HP: 12/40 MP: 3/3
   945 | D:2      | Noticed Natasha
   950 | D:2      | Killed Natasha
   951 | D:2      | Reached skill level 5 in Long Blades
  1280 | D:2      | Noticed Natasha
  1284 | D:2      | Killed Natasha
  1697 | D:3      | Found a snail-covered altar of Cheibriados.
  1803 | D:3      | Reached XP level 5. HP: 46/46 MP: 4/4
  1805 | D:3      | Reached skill level 1 in Shields
  2216 | D:3      | Found Eleul's Distillery.
  2637 | D:4      | Found a shimmering blue altar of Sif Muna.
  2813 | D:4      | Reached skill level 6 in Long Blades
  2906 | D:4      | Noticed a black bear
  3040 | D:4      | Noticed a black bear
  3046 | D:4      | Killed a black bear
  3047 | D:4      | Reached XP level 6. HP: 53/53 MP: 5/5
  3134 | D:4      | HP: 1/53 [black bear (3)]
  3134 | D:4      | Slain by a black bear

Illustrated notes

Levels and vault maps discovered:
D:1:      erik_arrival_blinker_ship, layout_loops_ring
D:2:      layout_basic, serial_shops, nicolae_shop_crystal, uniq_natasha
D:3:      layout_loops_corners, cheibriados_altar_1, serial_shops,
          nicolae_shop_waterfront
D:4:      layout_loops_ring, kennysheep_mini,
          mainiacjoe_overflow_six_doors_small, st_stairs_4,
          chequers_serial_rivers_marsh

Skill      XL: |  1  2  3  4  5 |
---------------+----------------+-----
Long Blades    | 4 5 6 |  6.3
Fighting       | 4 |  4.6
Dodging        | 3 |  3.9
Shields        | 1 |  1.8
Throwing       | |  0.2
Armour         | |  2.7
Stealth        | |  0.4

Action                     |  1- 3 |  4- 6 || total
---------------------------+-------+-------++-------
  Melee: Falchion          |    74 |    85 ||   159
         Headbutt          |     6 |     6 ||    12
  Throw: Dart              |       |    11 ||    11
 Invoke: Berserk           |     1 |     6 ||     7
    Use: Potion            |       |     2 ||     2
         Scroll            |       |     1 ||     1
 Armour: Animal skin       |    11 |    18 ||    29
  Dodge: Dodged            |    38 |    48 ||    86
  Block: Kite shield       |    18 |    33 ||    51
